 Dungeon Crawl Stone Soup version 0.21-a0-437-ge5bf024 (webtiles) character file.

24 kae the Skirmisher (level 3, -3/49 HPs)
             Began as a Hill Orc Fighter on Nov 9, 2017.
             Slain by Sigmund
             ... wielding a +0 scythe
              (8 damage)
             ... on level 2 of the Dungeon.
             The game lasted 00:00:37 (795 turns).

kae the Skirmisher (Hill Orc Fighter)                Turns: 795, Time: 00:00:37

Health: -3/49      AC:  6    Str: 21 (24) XL:     3   Next: 2%
Magic:  3/3        EV:  7    Int:  6 (8)  God:
Gold:   54         SH:  9    Dex:  9 (10) Spells: 2/2 levels left

rFire    . . .     SeeInvis .   a - +0 war axe
rCold    . . .     Gourm    .   c - +0 shield
rNeg     . . .     Faith    .   b - +0 scale mail
rPois    .         Spirit   .   (no helmet)
rElec    .         Reflect  .   (no cloak)
rCorr    .         Harm     .   (no gloves)
MR       .....                  (no boots)
Stlth    ..........             (no amulet)
HPRegen  0.16/turn              (no ring)
MPRegen  0.08/turn              (no ring)

@: berserking (expiring), very quick
A: no striking features
a: no special abilities


You were on level 2 of the Dungeon.
You were not hungry.

You visited 1 branch of the dungeon, and saw 2 of its levels.

You collected 54 gold pieces.

Inventory:

Hand Weapons
 a - a +0 war axe (weapon)
Armour
 b - a +0 scale mail (worn)
 c - a +0 shield (worn)
Wands
 m - a wand of iceblast (11/15)
Scrolls
 i - 2 scrolls of identify {unknown}
 j - a scroll of enchant weapon {unknown}
 k - a scroll of recharging {unknown}
 l - a scroll of enchant armour {unknown}
Potions
 d - a potion of might
Comestibles
 f - a bread ration


   Skills:
 + Level 3.9 Fighting
 * Level 3.5 Axes
 + Level 3.5 Armour
 + Level 3.5 Shields


You had 2 spell levels left.
You didn't know any spells.

Dungeon Overview and Level Annotations

Branches:
Dungeon (2/15)

Altars:

Annotations:
D:2 Sigmund


Message History

It was a potion of berserk rage.
A red film seems to cover your vision as you go berserk!
You feel yourself moving faster!
You feel mighty!
You hit something.
You hear some strange, mumbled words.
A puff of flame appears from out of thin air!
The puff of flame misses you.
You miss something. Something hits you!
* * * LOW HITPOINT WARNING * * *
You miss something.
Your scale mail prevents you from hitting something.
Something hits you but does no damage.
You closely miss something.
You hear some strange, mumbled words.
Something tries to affect you, but you resist.
You barely miss something. You block something's attack.
You barely miss something. You closely miss something.
You block something's attack.
You closely miss something. Something hits you!
You die...

##############
#.............
#.##..########
#..##.#
##...#.#
##..#.....#
##.##.###.#.
##.## ⌠.# #.⌠
#@## .#.# #.
#..{# #.#.#
#..#. # ♣.#
#.. #. #. ..#
## ... ...#
...(


There were no monsters in sight!

Vanquished Creatures
  A leopard gecko (D:1)
  A bat (D:2)
  2 goblins (D:1)
  5 hobgoblins
  4 jackals (D:1)
  A frilled lizard (D:2)
  4 kobolds
  3 rats (D:2)
21 creatures vanquished.

Notes
Turn   | Place    | Note
-------+----------+-------------------------------------------
     0 | D:1      | kae the Hill Orc Fighter began the quest for the Orb.
     0 | D:1      | Reached XP level 1. HP: 19/19 MP: 1/1
   286 | D:1      | Reached XP level 2. HP: 24/27 MP: 2/2
   733 | D:2      | Reached XP level 3. HP: 33/33 MP: 3/3
   769 | D:2      | Noticed Sigmund
   782 | D:2      | HP: 1/33 [something (10)]
   795 | D:2      | Slain by Sigmund

Vault maps used:
D:1:      minmay_arrival_semitransparent
D:2:      st_stairs_7, minmay_misc_feat_x, grunt_decor_mini_mirrors,
          uniq_terence, uniq_crazy_yiuf_cottage, uniq_sigmund

Skill      XL: |  1 |
---------------+----+-----
Axes           | 3 |  3.5
Fighting       | |  3.9
Armour         | |  3.5
Shields        | |  3.5

Action                   || total
-------------------------++-------
Melee: War axe           ||    79
  Use: Potion            ||     4
Armor: Scale mail        ||    28
Dodge: Dodged            ||    17
Block: Shield            ||    38

Table legend:
 A = Spawn XP
 B = Non-spawn XP
 C = Spawn XP percentage of total XP
 D = Spawn monster count
 E = Non-spawn monster count
 F = Spawn count percentage of total count
 G = Total turns spent on level
                    A         B        C        D         E        F      G
               +---------+---------+-------+---------+---------+-------+---------
         Total |       0 |      35 |   0.0 |       0 |      21 |   0.0 |   795
               +---------+---------+-------+---------+---------+-------+---------
           D:1 |       0 |      26 |   0.0 |       0 |      14 |   0.0 |   632
           D:2 |       0 |       9 |   0.0 |       0 |       7 |   0.0 |   163
               +---------+---------+-------+---------+---------+-------+---------
